 Dungeon Crawl Stone Soup version 0.23-a0-650-ga4d50d4d25 (webtiles) character file.

1428 Napalmbreeze the Changer (level 8, 0/67 HPs)
             Began as a Purple Draconian Transmuter on Jan 4, 2019.
             Slain by an unseen horror (6 damage)
             ... on level 6 of the Dungeon.
             The game lasted 00:22:02 (6794 turns).

Napalmbreeze the Changer (DrTm)                     Turns: 6794, Time: 00:22:02

Health: 0/67       AC:  7    Str: 12    XL:     8   Next: 44%
Magic:  15/15      EV: 18    Int: 16    God:
Gold:   168        SH:  5    Dex: 12    Spells: 7/17 levels left

rFire    . . .     SeeInvis .   d - +4 whip (elec)
rCold    . . .     Gourm    .   (no shield)
rNeg     . . .     Faith    .   (armour unavailable)
rPois    .         Spirit   .   i - +1 hat
rElec    .         Reflect  +   (no cloak)
rCorr    .         Harm     .   (no gloves)
MR       +....                  (no boots)
Stlth    +.........             b - +5 amulet of reflection
HPRegen  0.21/turn              B - +6 ring of evasion
MPRegen  0.14/turn              (no ring)

@: marked, hasted, very quick
A: breathe power, unfitting armour, cold-blooded, AC +6
a: Breathe Dispelling Energy


You were on level 6 of the Dungeon.
You were not hungry.

You visited 1 branch of the dungeon, and saw 6 of its levels.

You collected 384 gold pieces.
You spent 216 gold pieces at shops.

Inventory:

Hand Weapons
 d - a +4 whip of electrocution (weapon)
Missiles
 a - 73 arrows
 n - 3 javelins (quivered)
Armour
 i - a +1 hat (worn)
 j - a +0 buckler
Jewellery
 b - a +5 amulet of reflection (around neck)
 B - a +6 ring of evasion (left hand)
Wands
 f - a wand of polymorph (5)
 r - a wand of flame (37)
 y - a wand of random effects (20)
Scrolls
 g - a scroll of magic mapping
 k - a scroll of teleportation
 l - 2 scrolls of enchant weapon
 o - 3 scrolls of amnesia
 w - 3 scrolls of remove curse
 x - a scroll of fog
 A - 2 scrolls of fear {unknown}
Potions
 e - 3 potions of haste
 m - 3 potions of might
 p - 2 potions of brilliance
 q - 6 potions of curing
 s - 3 potions of agility
 t - a potion of flight
 u - 3 potions of magic
 v - a potion of invisibility {unknown}
Comestibles
 c - 9 rations
 h - 4 chunks of flesh


   Skills:
 + Level 4.7 Fighting
 - Level 1.7 Dodging
 + Level 5.3 Unarmed Combat
 + Level 5.1 Spellcasting
 * Level 6.5 Transmutations
 + Level 2.6 Ice Magic
 - Level 1.9 Poison Magic


You had 7 spell levels left.
You knew the following spells:

 Your Spells              Type           Power        Failure   Level  Hunger
a - Beastly Appendage     Tmut           ###...       1%          1    None
b - Ice Form              Ice/Tmut       ###.....     22%         4    ####...
d - Spider Form           Tmut/Pois      ###.......   8%          3    ###....
s - Sticks to Snakes      Tmut           ###.....     1%          2    #......

Your spell library contained the following spells:

 Spells                   Type           Power        Failure   Level  Hunger
 Blade Hands              Tmut           ###.......   28%         5    ######.


Dungeon Overview and Level Annotations

Branches:
Dungeon (6/15)
 Temple: D:4-7

Altars:
Cheibriados
Elyvilon
Sif Muna
Xom
Yredelemnul
The Shining One

Shops:
D:5 %*!}}

Annotations:
D:5 2 transporters


Innate Abilities, Weirdness & Mutations

You can breathe bolts of dispelling energy.
Your rich purple scales are hard. (AC +6)
You cannot fit into any form of body armour.
You are cold-blooded and may be slowed by cold attacks.


Message History

Unknown command.
You whack the orc priest!
You kill the orc priest!
Something hits you. x3; The orc warrior completely misses you.
You block something's attack.
Unknown command.
Something hits you.
* * * LOW HITPOINT WARNING * * *
Something hits you but does no damage. x2
Okay, then.
Unknown command.
You feel yourself speed up. Something barely misses you. Something hits you.
* * * LOW HITPOINT WARNING * * *
The leopard gecko bites you.
* * * LOW HITPOINT WARNING * * *
Something hits you!
* * * LOW HITPOINT WARNING * * *
The leopard gecko completely misses you.
Something hits you.
You die... ... .. #..# ..# ###o... .##..# ....# ).oooo.

....# ....# Z......
...# ....# #######
#..# o....
.##..####+###.)##..##
..#..........sl.....#
..#...........o.....#
..'.............@%..#
..#.................#
..#....)............#
.##..###..##..###..##
.##..###..##### ..#
.......'...# ...#
.......#...# ...#
'##...##..## #.##
.##...#######


You could see an orc warrior, a scorpion, an orc wizard and a leopard gecko.

Vanquished Creatures
  Edmund (D:6)
  Duvessa (D:4)
  2 orc warriors
  An ogre (D:3)
  A bullfrog (D:6)
  Dowan (D:4)
  3 crimson imps (D:5)
  A bullfrog zombie (D:6)
  5 hounds
  A centaur skeleton (D:6)
  3 orc priests
  2 orc wizards
  Jessica (D:2)
  A bullfrog skeleton (D:4)
  2 iguanas
  A worker ant (D:4)
  8 adders
  An ooze (D:1)
  2 worms
  3 dart slugs
  3 leopard geckos
  11 orcs
  A ball python (D:1)
  8 bats
  4 giant cockroaches
  4 goblins
  7 hobgoblins
  14 jackals
  12 kobolds
  2 quokkas (D:5)
  2 frilled lizards
  A jackal skeleton (D:4)
  A quokka skeleton (D:3)
  11 rats
122 creatures vanquished.

Vanquished Creatures (collateral kills)
  A hornet zombie (D:6)
  A centaur (D:5)
  An orc wizard (D:6)
  An orc priest (D:6)
  An ooze (D:5)
  An orc (D:6)
  A quokka skeleton (D:5)
7 creatures vanquished.

Grand Total: 129 creatures vanquished

Notes
Turn   | Place    | Note
-------+----------+-------------------------------------------
     0 | D:1      | Napalmbreeze the Draconian Transmuter began the quest for
                  | the Orb.
     0 | D:1      | Reached XP level 1. HP: 16/16 MP: 3/3
   489 | D:1      | Reached XP level 2. HP: 23/23 MP: 5/5
   853 | D:1      | Reached XP level 3. HP: 23/29 MP: 6/6
  1411 | D:2      | Found a white marble altar of Elyvilon.
  1484 | D:2      | Noticed Jessica
  1495 | D:2      | Killed Jessica
  1495 | D:2      | Reached skill level 3 in Transmutations
  1495 | D:2      | Reached XP level 4. HP: 35/36 MP: 7/7
  1547 | D:2      | Found a snail-covered altar of Cheibriados.
  2152 | D:3      | Learned a level 2 spell: Sticks to Snakes
  2156 | D:3      | Learned a level 3 spell: Spider Form
  2258 | D:3      | Noticed an ogre
  2291 | D:3      | Killed an ogre
  2291 | D:3      | Reached XP level 5. HP: 42/42 MP: 7/9
  2512 | D:3      | Reached skill level 4 in Transmutations
  2516 | D:3      | Reached skill level 1 in Poison Magic
  2740 | D:3      | Reached XP level 6. HP: 45/50 MP: 10/10
  3019 | D:3      | Found a glowing golden altar of the Shining One.
  3022 | D:3      | Found a deep blue altar of Sif Muna.
  3027 | D:3      | Found a basalt altar of Yredelemnul.
  3120 | D:4      | Noticed an orc warrior
  3497 | D:4      | Learned a level 4 spell: Ice Form
  3707 | D:4      | Noticed Dowan
  3708 | D:4      | Noticed Duvessa
  3736 | D:4      | Killed Duvessa
  3763 | D:4      | Killed Dowan
  3763 | D:4      | Your scales start taking on a rich purple colour.
  3763 | D:4      | Reached XP level 7. HP: 18/57 MP: 6/13
  4119 | D:4      | Reached skill level 5 in Transmutations
  4896 | D:5      | Entered Level 5 of the Dungeon
  4931 | D:5      | Found Qelor's Distillery.
  4948 | D:5      | Bought a potion of heal wounds for 60 gold pieces
  4948 | D:5      | Bought a potion of curing for 36 gold pieces
  4948 | D:5      | Bought a potion of might for 48 gold pieces
  4948 | D:5      | Bought a potion of agility for 48 gold pieces
  4967 | D:5      | Found Gaott's Gadget Shoppe.
  5009 | D:5      | Reached skill level 1 in Ice Magic
  5151 | D:5      | Found Pofuskei's Food Shoppe.
  5173 | D:5      | Found a shimmering altar of Xom.
  5176 | D:5      | Found Caodd's Assorted Antiques.
  5183 | D:5      | Bought a scroll labeled FOC XI UHYCK for 24 gold pieces
  5488 | D:5      | Found Bicwied's Gadget Shoppe.
  5613 | D:5      | Found a transporter.
  5721 | D:5      | Found a transporter.
  5989 | D:6      | Reached skill level 5 in Unarmed Combat
  5989 | D:6      | Reached XP level 8. HP: 63/66 MP: 11/15
  6062 | D:6      | Reached skill level 6 in Transmutations
  6525 | D:6      | Noticed Edmund
  6539 | D:6      | Killed Edmund
  6539 | D:6      | Reached skill level 5 in Spellcasting
  6794 | D:6      | Slain by an unseen horror

Vault maps used:
D:1:      minmay_arrival_shoal_huts, kennysheep_another_room,
          minmay_tiny_reverse_x
D:2:      elyvilon_altar_1, first_ration, minmay_hedge_maze,
          cheibriados_altar_1, uniq_jessica
D:3:      grunt_temple_overflow_diamond
D:4:      minmay_spotlight, uniq_duvessa
D:5:      gammafunk_wand_slinger, xom_butterflies, serial_shops, shop,
          shop_statue, kennysheep_mini_moat, nicolae_shop_trees,
          nicolae_shop_behind_doors, hangedman_decor_growths, grunt_ministairs_7
D:6:      hangedman_decor_push, uniq_edmund

Skill      XL: |  1  2  3  4  5  6  7  8 |
---------------+-------------------------+-----
Fighting       | 2 3 4 |  4.7
Transmutations | 3 4 5 6 |  6.5
Unarmed Combat | 4 5 |  5.3
Spellcasting   | 3 4 5 |  5.1
Poison Magic   | 1 |  1.9
Ice Magic      | 1 2 |  2.6
Dodging        | |  1.7

Action                   |  1- 3 |  4- 6 |  7- 9 || total
-------------------------+-------+-------+-------++-------
Melee: Unarmed           |    23 |     7 |     5 ||    35
       Tailslap          |     9 |     8 |    10 ||    27
       Whip              |    85 |   144 |   124 ||   353
       Punch             |       |     1 |     6 ||     7
Throw: Javelin           |       |       |     3 ||     3
 Cast: Spider Form       |       |     2 |     2 ||     4
       Sticks to Snakes  |       |     5 |    25 ||    30
       Beastly Appendage |       |     1 |       ||     1
       Ice Form          |       |       |     1 ||     1
 Abil: Breathe Dispellin |       |       |     1 ||     1
  Use: Scroll            |       |       |     9 ||     9
       Potion            |       |       |     7 ||     7
 Stab: Sleeping          |     1 |     2 |     1 ||     4
  Eat: Chunk             |     2 |     8 |     7 ||    17
       Ration            |       |       |     1 ||     1
Armor: Skin              |    20 |    57 |    33 ||   110
Dodge: Dodged            |    77 |   103 |    88 ||   268
Block: Other             |       |       |    26 ||    26
       Reflection        |       |       |     1 ||     1

Table legend:
 A = Non-vault XP
 B = Vault XP
 C = Vault XP percentage of total XP
 D = Non-vault monster count
 E = Vault monster count
 F = Vault count percentage of total count
                 A         B        C        D         E       F
            +---------+---------+-------+---------+---------+-------
      Total |    1639 |     401 |  19.7 |     120 |       9 |   7.0
            +---------+---------+-------+---------+---------+-------
        D:1 |      51 |       3 |   5.6 |      24 |       2 |   7.7
        D:2 |      81 |      37 |  31.4 |      25 |       1 |   3.8
        D:3 |     248 |       0 |   0.0 |      29 |       0 |   0.0
        D:4 |     304 |     208 |  40.6 |      10 |       5 |  33.3
        D:5 |     361 |       0 |   0.0 |      16 |       0 |   0.0
        D:6 |     594 |     153 |  20.5 |      16 |       1 |   5.9
            +---------+---------+-------+---------+---------+-------
